 Dungeon Crawl Stone Soup version 0.30.0-19-g36f170ea60 (webtiles) character file.

Game seed: 3917448264181856715

133051 jasper the Convoker (level 16, -24/85 HPs)
             Began as a Spriggan Necromancer on May 30, 2023.
             Was an Initiate of Gozag.
             Shot with an arrow by Vashnia (31 damage)
             ... on level 4 of the Snake Pit on May 31, 2023.
             The game lasted 01:53:03 (38925 turns).

jasper the Convoker (Spriggan Necromancer)         Turns: 38925, Time: 01:53:03

Health: -24/85     AC: 12    Str:  4    XL:     16   Next: 59%
Magic:  5/31       EV: 29    Int: 29    God:    Gozag
Gold:   3216       SH: 11    Dex: 19    Spells: 2/36 levels left

rFire   . . .        z - +4 quick blade (elec)
rCold   + . .        o - +0 buckler
rNeg    + . .        r - +2 robe {rC+}
rPois   +            G - +1 hat
rElec   .            C - +2 cloak
rCorr   .            (gloves unavailable)
SInv    +            (boots unavailable)
Will    ++...        U - amulet "Bajaw" {Reflect rPois Int+3 Dex+3 Slay-2 SH+5}
Stlth   ++++++       V - +4 ring of protection
HPRegen 0.34/turn    v - ring of Futz {Contam rPois rN+ Int+2 Stlth+}
MPRegen 0.22/turn

%: reflection
@: bribing [the Snake Pit], very quick
A: very small, no large weapons, unfitting armour, see invisible, speed 3
a: Renounce Religion, Potion Petition, Call Merchant, Bribe Branch


You were on level 4 of the Snake Pit.
You worshipped Gozag.
Gozag was most pleased with you.
You visited 4 branches of the dungeon, and saw 26 of its levels.

You collected 10012 gold pieces.
You spent 3770 gold pieces at shops.
You paid 3026 gold pieces to Gozag.

Inventory:

Hand Weapons
 z - a +4 quick blade of electrocution (weapon)
 Q - a +4 scimitar of flaming
Missiles
 x - 4 throwing nets
 y - 12 curare-tipped darts
Armour
 a - a +0 robe of willpower
 m - +1 acid dragon scales
 o - a +0 buckler (worn)
 r - a +2 robe of cold resistance (worn)
 C - a +2 cloak (worn)
 G - a +1 hat (worn)
Jewellery
 i - the ring "Ashrunocw" {Fly rElec Will- Str+3 Dex+3}
   (You found it on level 14 of the Dungeon)

   [ring of flight]

   Str:       It affects your strength (+3).
   Dex:       It affects your dexterity (+3).
   rElec:     It insulates you from electricity.
   Fly:       It grants you flight.
   Will:      It decreases your willpower.
 s - a ring of flight
 v - the ring of Futz (right hand) {Contam rPois rN+ Int+2 Stlth+}
   (You bought it in a shop on level 5 of the Dungeon)

   [ring of positive energy]

   Int:       It affects your intelligence (+2).
   rPois:     It protects you from poison.
   rN:        It protects you from negative energy.
   Contam:    It causes magical contamination when unequipped.
   Stlth:     It makes you more stealthy.
 I - a ring of willpower
 R - a +4 ring of protection
 U - the amulet "Bajaw" (around neck) {Reflect rPois Int+3 Dex+3 Slay-2 SH+5}
   (You found it on level 5 of the Lair of Beasts)

   [amulet of reflection]

   It reflects blocked missile attacks.
   Int:       It affects your intelligence (+3).
   Dex:       It affects your dexterity (+3).
   Slay:      It affects your accuracy & damage with ranged weapons and melee
   (-2).
   rPois:     It protects you from poison.
   SH:        It affects your SH (+5).
 V - a +4 ring of protection (left hand)
Wands
 j - a wand of quicksilver (13)
 H - a wand of flame (20)
 N - a wand of paralysis (2)
 T - a wand of roots (8)
 X - a wand of polymorph (7)
 Z - a wand of digging (3)
Scrolls
 b - a scroll of brand weapon
 f - 2 scrolls of amnesia
 k - 2 scrolls of enchant armour
 l - a scroll of butterflies
 p - 10 scrolls of teleportation
 q - 2 scrolls of fear
 u - 5 scrolls of immolation
 A - 10 scrolls of identify
 E - 2 scrolls of fog
 F - 3 scrolls of magic mapping
 J - 2 scrolls of vulnerability
 S - 3 scrolls of poison
 W - a scroll of silence
 Y - 3 scrolls of blinking
Potions
 c - 5 potions of might
 d - a potion of berserk rage
 e - 2 potions of lignification
 g - a potion of resistance
 h - 2 potions of flight
 n - 4 potions of cancellation
 t - 14 potions of curing
 w - 2 potions of magic
 B - 4 potions of haste
 D - 3 potions of heal wounds
 L - 4 potions of attraction
 M - a potion of mutation
 P - 2 potions of brilliance
Miscellaneous
 K - a phantom mirror
 O - a lightning rod (1/4)


   Skills:
 + Level 10.0 Fighting
 - Level 6.7(8.0) Short Blades
 - Level 4.8(5.9) Long Blades
 + Level 15.4 Dodging
 - Level 10.5 Stealth
 - Level 5.1 Shields
 - Level 10.7 Spellcasting
 - Level 10.0 Hexes
 - Level 16.0 Summonings
 - Level 5.0 Necromancy


You had 2 spell levels left.
You knew the following spells:

 Your Spells              Type           Power      Damage    Failure   Level
a - Summon Hydra          Summ           41%        N/A       8%          7
b - Vampiric Draining     Necr           44%        2d9       2%          3
c - Summon Mana Viper     Hex/Summ       74%        N/A       1%          5
d - Summon Cactus Giant   Summ           41%        N/A       1%          6
e - Anguish               Hex/Necr       28%        N/A       2%          4
f - Sublimation of Blood  Necr           44%        N/A       1%          2
g - Monstrous Menagerie   Summ           41%        N/A       8%          7

Your spell library contained the following spells:

 Spells                   Type           Power      Damage    Failure   Level
 Necrotise                Necr           100%       1d9       1%          1
 Cigotuvi's Dreadful Rot  Necr/Pois/Air  50%        N/A       4%          2
 Sting                    Tmut/Pois      60%        1d6       6%          1
 Poisonous Vapours        Pois/Air       30%        N/A       10%         2
 Wereblood                Tmut           15%        N/A       10%         2
 Cause Fear               Hex            32%        N/A       1%          4
 Inner Flame              Hex/Fire       44%        N/A       2%          3
 Summon Ice Beast         Ice/Summ       58%        N/A       2%          4
 Summon Forest            Summ/Tloc      29%        N/A       6%          5
 Dispel Undead            Necr           44%        3d17      8%          4
 Hailstorm                Conj/Ice       15%        3d5       19%         3
 Ignite Poison            Fire/Tmut/Pois 15%        N/A       19%         3
 Teleport Other           Tloc           15%        N/A       19%         3
 Agony                    Necr           44%        N/A       22%         5
 Flame Wave               Conj/Fire      15%        2d7       52%         4
 Ice Form                 Ice/Tmut       15%        N/A       52%         4
 Olgreb's Toxic Radiance  Pois           15%        N/A       52%         4
 Petrify                  Tmut/Erth      15%        N/A       52%         4
 Sticky Flame             Conj/Fire      15%        2d4       52%         4
 Enfeeble                 Hex            32%        N/A       65%         7
 Death Channel            Necr           22%        N/A       77%         6
 Irradiate                Conj/Tmut      7%         3d14      86%         5
 Iron Shot                Conj/Erth      7%         9d2       100%        6
 Statue Form              Tmut/Erth      10%        N/A       100%        6
 Disjunction              Tloc           7%         N/A       100%        8
 Infestation              Necr           22%        N/A       100%        8
 Chain Lightning          Conj/Air       7%         3d10      100%        9
 Fire Storm               Conj/Fire      7%         8d2       100%        9
 Shatter                  Erth           7%         3d10*     100%        9
 Animate Dead             Necr           Unusable   N/A       N/A         4
 Simulacrum               Ice/Necr       Unusable   N/A       N/A         6

Dungeon Overview and Level Annotations

Branches:
Dungeon (15/15)            Temple (0/1) D:4            Lair (5/5) D:10
 Shoals (0/4) Lair:2        Snake (4/4) Lair:2        Slime (0/5) Lair:4
    Orc (2/2) D:12            Elf (0/3) Orc:2        Vaults (0/5) D:13
 Depths (0/4) D:15

Altars:
Ashenzari
Cheibriados
Elyvilon
Fedhas
Gozag
Kikubaaqudgha
Ru
Trog
Uskayaw
Zin
The Shining One

Shops:
D:5 =   D:9 [   D:14 [   Orc:1 =[   Orc:2 :=*[(!:   Snake:1 :=:   Snake:3 *(
Snake:4 *

Annotations:
D:10 1 runed translucent door, Kamelo's ghost, journeyman GrEE
Lair:2 1 runed translucent door, roninjake's ghost, journeyman MiHu
Snake:3 3 runed translucent doors, bmack86's ghost, adept MiFi
Snake:4 Vashnia


Innate Abilities, Weirdness & Mutations

You are very small and have problems with some larger weapons.
You are too small for most types of armour.
You have supernaturally acute eyesight. (SInv)
You cover ground extremely quickly. (Speed+++)


Message History

Your mana viper closely misses Vashnia.
Vashnia spits poison at you. The splash of poison hits you. You resist.
Your mana viper bites Vashnia!
Vashnia's magic leaks into the air.
A splash of poison appears from out of your range of vision.
The splash of poison hits your mana viper but does no damage.
You take 6 damage, and have 49/85 hp.
Your mana viper bites Vashnia!
Vashnia's magic leaks into the air.
A splash of poison appears from out of your range of vision.
The splash of poison hits your mana viper.
Vashnia spits poison at you.
The splash of poison hits your cactus giant.
A sling bullet appears from out of your range of vision.
The sling bullet hits your mana viper!!
Your mana viper bites Vashnia!
Vashnia's magic leaks into the air.
Vashnia shoots an arrow.
The arrow hits your cactus giant!!
Things that are here:
21 gold pieces; a +0 short sword; a +0 robe Your mana viper closely misses Vashnia.
A sling bullet appears from out of your range of vision.
The sling bullet barely misses your mana viper.
Your mana viper bites Vashnia!
Vashnia's magic leaks into the air.
Vashnia shoots an arrow.
The arrow hits you!
You take 11 damage, and have 39/85 hp.
A naga ritualist comes into view. It is wielding a +0 halberd.
Your mana viper barely misses Vashnia.
There is a large open door here.
You swap places.
Vashnia gestures wildly while chanting.
Vashnia magically shoots an arrow.
The arrow hits you!!
* * * LOW HITPOINT WARNING * * *
Your mana viper closely misses Vashnia.
You hear a shout!
You see here 17 gold pieces.
You take 32 damage, and have 7/85 hp.
MASSIVE DAMAGE!!
A naga comes into view. It is wielding a +0 sling.
Your mana viper closely misses Vashnia.
Vashnia shoots an arrow.
The arrow hits you!!
You die...
Your body crumbles into a pile of gold.

.#....................#.......###
.###.#'####.'#####...##.......#
...###....###....#####........#
###..$.$$.....<...............#
#.######..$..$.##.............#
#......#......................#
#......#.....##''##...........#
'......#....##..$C##..........###
'......#...##...@N.##............
####.###..##...##.S.##...........
...###...##...####...##..........
........##...## ##[..##.........
.......##...## ##N..##........
......##....# ....##.......
.....##......SS...? .NS..##).....
....##.....#.N..... #.....##.....
...##...#.N##...... ..#...##....


You could see Vashnia (catching breath, ally target, magic disrupted), an
anaconda, a naga ritualist (catching breath), a naga, a friendly mana viper
(summoned) and a friendly cactus giant (summoned).

Vanquished Creatures
  Mlioglotl (Snake:2)
  Kirke (D:13)
  Agnes (Snake:1)
  An ice dragon (D:15)
  A salamander tyrant (Snake:4)
  An anaconda (Snake:4)
  4 two-headed ogres
  2 centaur warriors
  4 naga warriors
  3 shock serpents
  An orc high priest (Orc:2)
  2 naga sharpshooters (Snake:3)
  A mana viper (Snake:1)
  4 salamanders
  2 cyclopes
  An orc sorcerer (Orc:2)
  4 black mambas
  A guardian serpent (Snake:4)
  2 elephants
  2 naga magi
  A torpor snail (Lair:4)
  3 komodo dragons
  Psyche (D:9)
  Maggie (D:6)
  A merfolk (Lair:2)
  2 trolls
  2 hornets
  2 nameless horrors
  A snapping turtle (Lair:5)
  Prince Ribbit (D:6)
  A slime creature (D:11)
  14 yaks
  A fire elemental (D:14)
  Eustachio (D:5)
  A vampire mosquito (D:14)
  Menkaure (D:6)
  A warg (D:9)
  2 acid dragons (D:8)
  7 nagas
  6 water moccasins
  Duvessa (D:5)
  3 orc warriors (Orc:2)
  2 sky beasts
  A black bear (D:4)
  6 wolves
  5 ogres
  5 centaurs
  2 phantoms
  4 kobold brigands
  7 bullfrogs
  2 gnoll sergeants
  5 scorpions
  4 wights (D:9)
  Dowan (D:6)
  6 killer bees (D:9)
  3 electric eels
  3 howler monkeys
  3 hounds
  10 orc priests
  A jelly (D:5)
  An iguana (D:5)
  5 orc wizards
  A spriggan simulacrum (D:11)
  11 gnolls
  6 adders
  A shadow imp (D:6)
  An ufetubus (D:5)
  A worm (D:3)
  3 dart slugs
  32 orcs
  6 endoplasms
  2 giant cockroaches (D:1)
  5 goblins
  6 hobgoblins
  18 kobolds
  5 quokkas
  4 ball pythons
  15 bats
  A frilled lizard (D:1)
  7 rats
294 creatures vanquished.

Vanquished Creatures (collateral kills)
  Jorgrun (Snake:1)
  Rupert (Lair:3)
  Gastronok (D:9)
  Frances (D:14)
  A nagaraja (Snake:2)
  An orc warlord (Orc:1)
  Aizul (Snake:1)
  Nessos (D:13)
  Azrael (D:14)
  An ettin (Orc:2)
  Josephine (D:15)
  Snorg (Lair:3)
  A fire dragon (D:15)
  A great orb of eyes (D:14)
  3 hydras
  A salamander tyrant (Snake:3)
  A centaur warrior (D:13)
  3 anacondas
  A two-headed ogre (D:13)
  A merfolk avatar (Lair:5)
  A tengu warrior (D:13)
  A boulder beetle (D:14)
  3 naga sharpshooters
  7 naga warriors
  2 orc high priests (Orc:2)
  3 shock serpents
  Sonja (D:13)
  Nergalle (Lair:3)
  Lodul (D:11)
  A skyshark (Lair:2)
  2 salamander mystics (Snake:3)
  4 sea snakes (Lair:5)
  2 deep trolls
  3 naga ritualists
  A deep elf archer (D:14)
  3 orc knights
  A lindwurm (D:13)
  3 mana vipers
  2 deep elf pyromancers
  A wolf spider (D:15)
  A necromancer (D:13)
  2 manticores
  8 ugly things
  4 orc sorcerers
  9 salamanders
  A salamander (shapeshifter) (D:14)
  5 cyclopes
  8 black mambas
  2 guardian serpents (Snake:2)
  9 elephants
  5 cane toads
  A merfolk siren (Lair:2)
  7 naga magi
  A gargoyle (D:10)
  An unseen horror (D:12)
  6 komodo dragons
  2 efreet
  3 rime drakes (Lair:5)
  2 tengu conjurers (D:13)
  A meliai (shapeshifter) (D:13)
  3 trolls
  A polar bear (Lair:2)
  3 nameless horrors
  6 dream sheep
  3 hornets
  2 snapping turtles (Lair:5)
  3 blink frogs
  9 slime creatures
  2 jumping spiders (shapeshifter)
  49 yaks
  4 wyverns
  4 fire elementals (D:14)
  7 wraiths
  3 basilisks
  3 hogs (D:13)
  5 vampire mosquitoes
  2 steam dragons
  16 nagas
  A warg (D:10)
  3 hell hounds (D:14)
  9 water moccasins
  29 orc warriors
  A black bear (Lair:1)
  4 wolves
  A boggart (D:14)
  7 ogres
  3 centaurs
  6 bullfrogs
  A two-headed ogre simulacrum (D:11)
  A howler monkey (D:14)
  A gnoll bouda (Lair:3)
  20 orc priests
  27 orc wizards
  3 spriggan simulacra (D:11)
  36 orcs
  An endoplasm (D:2)
  3 rats
427 creatures vanquished.

Vanquished Creatures (others)
  2 nagarajas (Snake:4)
  An ettin (Orc:2)
  Harold (Orc:1)
  A salamander tyrant (Snake:4)
  2 centaur warriors (D:14)
  2 naga sharpshooters (Snake:4)
  A skyshark (Lair:5)
  A lindwurm (Lair:5)
  4 orc knights
  2 elephants (Lair:2)
  A guardian serpent (Snake:4)
  A rime drake (Lair:3)
  A komodo dragon (Lair:2)
  A tengu conjurer (D:14)
  2 merfolk (Lair:2)
  A dream sheep (Lair:3)
  3 blink frogs (Lair:3)
  11 yaks
  3 nagas
  A water moccasin (Lair:1)
  4 orc warriors
  A centaur (D:11)
  A wolf (Lair:1)
  A bullfrog (Lair:3)
  4 orc priests
  An orc wizard (Orc:1)
  3 orcs
57 creatures vanquished.

Grand Total: 778 creatures vanquished

Notes
Turn   | Place    | Note
-------+----------+-------------------------------------------
     0 | D:1      | jasper the Spriggan Necromancer began the quest for the
                  | Orb.
     0 | D:1      | Reached XP level 1. HP: 9/9 MP: 5/5
   259 | D:1      | Reached XP level 2. HP: 13/13 MP: 4/6
  1042 | D:2      | Reached XP level 3. HP: 14/16 MP: 2/8
  1046 | D:2      | Learned a level 3 spell: Vampiric Draining
  1163 | D:2      | Found a faded altar of an unknown god.
  1806 | D:3      | Found a sacrificial altar of Ru.
  1806 | D:3      | Found an opulent altar of Gozag.
  1809 | D:3      | Found a glowing silver altar of Zin.
  1814 | D:3      | Became a worshipper of Gozag Ym Sagoz the Greedy
  1825 | D:3      | Noticed a scorpion
  1826 | D:3      | Reached XP level 4. HP: 21/21 MP: 7/9
  1861 | D:3      | Killed a scorpion
  1862 | D:3      | Reached skill level 1 in Fighting
  2246 | D:3      | Found a glowing golden altar of the Shining One.
  2370 | D:4      | Reached XP level 5. HP: 25/25 MP: 7/11
  2744 | D:4      | Found a staircase to the Ecumenical Temple.
  2824 | D:4      | Noticed a phantom
  2828 | D:4      | Reached skill level 5 in Necromancy
  2855 | D:5      | Entered Level 5 of the Dungeon
  2951 | D:5      | Noticed an ogre
  2984 | D:5      | Killed an ogre
  2985 | D:5      | Reached XP level 6. HP: 30/30 MP: 2/12
  3153 | D:5      | Found Owoawes's Jewellery Emporium.
  3273 | D:5      | Noticed Duvessa
  3284 | D:5      | Noticed Dowan
  3296 | D:5      | Killed Duvessa
  3297 | D:5      | Reached skill level 5 in Stealth
  3425 | D:6      | Found a broken altar of Ashenzari.
  3458 | D:6      | Noticed Prince Ribbit
  3476 | D:6      | Killed Prince Ribbit
  3477 | D:6      | Reached skill level 5 in Dodging
  3477 | D:6      | Reached XP level 7. HP: 35/35 MP: 1/15
  3604 | D:6      | Noticed Maggie
  3607 | D:6      | Noticed Eustachio
  3696 | D:5      | Killed Eustachio
  3697 | D:5      | Reached skill level 5 in Spellcasting
  3808 | D:6      | Killed Maggie
  3809 | D:6      | Reached XP level 8. HP: 40/40 MP: 10/17
  4649 | D:6      | Noticed Menkaure
  4657 | D:6      | Killed Menkaure
  4973 | D:6      | Killed Dowan
  5253 | D:5      | Bought the ring of Futz {Contam rPois rN+ Int+2 Stlth+} for
                  | 358 gold pieces
  5772 | D:5      | Reached XP level 9. HP: 46/46 MP: 16/20
  6395 | D:4      | Found a white marble altar of Elyvilon.
  7154 | D:7      | Noticed a two-headed ogre
  7189 | D:7      | Killed a two-headed ogre
  7190 | D:7      | Reached skill level 5 in Fighting
  7190 | D:7      | Reached skill level 10 in Stealth
  7880 | D:8      | Reached XP level 10. HP: 52/53 MP: 4/24
  8088 | D:8      | Learned a level 5 spell: Summon Mana Viper
  8095 | D:8      | Learned a level 6 spell: Summon Cactus Giant
  8256 | D:8      | Reached skill level 10 in Dodging
  8546 | D:8      | Reached skill level 1 in Hexes
  8572 | D:8      | Reached skill level 1 in Summonings
  8688 | D:8      | Learned a level 4 spell: Anguish
  9008 | D:8      | Found an ancient bone altar of Kikubaaqudgha.
  9008 | D:8      | Found a hide-covered altar of Uskayaw.
  9016 | D:8      | Found a faded altar of an unknown god.
  9018 | D:8      | Found a faded altar of an unknown god.
  9025 | D:8      | Reached skill level 2 in Summonings
  9073 | D:8      | Found a blossoming altar of Fedhas.
  9156 | D:9      | Noticed Psyche
  9158 | D:9      | Noticed Gastronok
  9166 | D:9      | Killed Psyche
  9382 | D:9      | Reached skill level 3 in Summonings
  9527 | D:9      | Reached skill level 5 in Hexes
  9814 | D:9      | Noticed a cyclops
  9822 | D:10     | Entered Level 10 of the Dungeon
  9822 | D:10     | Found a staircase to the Lair.
  9836 | D:9      | Noticed a two-headed ogre
  9884 | D:9      | Killed a two-headed ogre
  9885 | D:9      | Reached skill level 4 in Summonings
 10022 | D:9      | Found Jaehut's Armour Emporium.
 10043 | D:9      | Killed Gastronok
 10044 | D:9      | Reached XP level 11. HP: 44/56 MP: 7/25
 10159 | D:9      | Reached skill level 5 in Summonings
 10643 | D:10     | Found a bloodstained altar of Trog.
 10962 | D:10     | Found a snail-covered altar of Cheibriados.
 11423 | D:10     | Reached skill level 6 in Summonings
 11678 | D:10     | Noticed a two-headed ogre
 11696 | D:10     | Killed a two-headed ogre
 11821 | D:10     | Found a runed translucent door.
 11822 | D:10     | Noticed Kamelo's ghost (journeyman GrEE)
 12097 | D:12     | Noticed a two-headed ogre
 12129 | D:11     | Found a frozen archway.
 12246 | D:11     | Reached skill level 10 in Hexes
 12246 | D:11     | Reached skill level 7 in Summonings
 12369 | D:11     | Noticed Lodul
 12628 | Lair:1   | Entered Level 1 of the Lair of Beasts
 13227 | Lair:1   | Reached skill level 8 in Summonings
 13580 | Lair:1   | Reached XP level 12. HP: 61/61 MP: 11/26
 13827 | Lair:1   | Reached skill level 9 in Summonings
 14490 | Lair:2   | Noticed roninjake's ghost (journeyman MiHu)
 14508 | Lair:2   | Reached skill level 10 in Summonings
 14546 | Lair:2   | Found a runed translucent door.
 14546 | Lair:2   | Found a staircase to the Snake Pit.
 14718 | Lair:2   | Found a staircase to the Shoals.
 15458 | Lair:2   | Reached skill level 11 in Summonings
 15801 | Lair:3   | Noticed Nergalle
 16027 | Lair:3   | Noticed Rupert
 16057 | Lair:3   | Paralysed by Rupert for 5 turns
 16181 | D:11     | Killed Lodul
 16735 | D:11     | Reached skill level 12 in Summonings
 17644 | D:12     | Found a staircase to the Orcish Mines.
 17826 | D:12     | Reached XP level 13. HP: 65/65 MP: 13/27
 18210 | Orc:1    | Entered Level 1 of the Orcish Mines
 18216 | Orc:1    | Noticed Harold
 18228 | Orc:1    | Killed Harold
 18677 | Orc:1    | Found Muj Vel's Jewellery Boutique.
 18751 | Orc:1    | Reached skill level 10 in Spellcasting
 19525 | Orc:1    | Found Moaczev's Antique Armour Emporium.
 19658 | Orc:2    | Entered Level 2 of the Orcish Mines
 19831 | Orc:2    | Found Dofeit's Book Shoppe.
 19947 | Orc:2    | Bought a book of Beasts for 684 gold pieces
 19947 | Orc:2    | Bought a book of Alchemy for 504 gold pieces
 19947 | Orc:2    | Bought the Handbook of the Transmuted Geodesic for 900 gold
                  | pieces
 19950 | Orc:2    | Learned a level 2 spell: Sublimation of Blood
 19950 | Orc:2    | Bought the Lectures on Flinty Gloom for 828 gold pieces
 19958 | Orc:2    | Learned a level 7 spell: Monstrous Menagerie
 20116 | Orc:2    | Found a staircase to the Elven Halls.
 20259 | Orc:2    | Found Burrahy's Distillery.
 20264 | Orc:2    | Noticed an ettin
 20270 | Orc:2    | Killed an ettin
 20337 | Orc:2    | Bought a potion of heal wounds for 75 gold pieces
 20337 | Orc:2    | Bought a potion of heal wounds for 75 gold pieces
 20337 | Orc:2    | Bought a potion of might for 60 gold pieces
 20337 | Orc:2    | Bought a potion of might for 60 gold pieces
 20337 | Orc:2    | Bought a potion of curing for 45 gold pieces
 20337 | Orc:2    | Bought a potion of curing for 45 gold pieces
 20983 | Orc:2    | Noticed an orc warlord
 21149 | Orc:1    | Killed an orc warlord
 22186 | Orc:2    | Found Edyol's Antique Armour Shoppe.
 22187 | Orc:2    | Found Sokhluah's Antique Weapon Shoppe.
 22189 | Orc:2    | Found Uwuwn's General Store.
 22189 | Orc:2    | Found Juecres's Jewellery Emporium.
 22205 | Orc:2    | Bought a scroll of immolation for 40 gold pieces
 22313 | Orc:2    | Noticed an ettin
 22324 | Orc:2    | Killed an ettin
 22514 | Orc:2    | Found Lomih's Book Emporium.
 22670 | D:10     | Reached skill level 13 in Summonings
 23217 | Lair:3   | Noticed Snorg
 23224 | Lair:3   | Killed Snorg
 23331 | Lair:3   | Killed Rupert
 23332 | Lair:3   | Reached XP level 14. HP: 72/72 MP: 16/29
 23362 | Lair:3   | Killed Nergalle
 24427 | Lair:4   | Reached skill level 14 in Summonings
 24805 | Lair:4   | Found a staircase to the Slime Pits.
 25807 | Lair:5   | Entered Level 5 of the Lair of Beasts
 26452 | Lair:5   | Reached skill level 15 in Summonings
 26658 | Lair:5   | Identified the amulet "Bajaw" {Reflect rPois Int+3 Dex+3
                  | Slay-2 SH+5}
 26798 | Lair:5   | Identified the +10 glaive of Magec {drain, rCorr Int+4}
 27735 | Lair:5   | Identified the +1 scale mail of Leapfrog {rN+ Dex+3 SInv}
 28797 | D:13     | Noticed Nessos
 28804 | D:13     | Killed Nessos
 28805 | D:13     | Reached skill level 16 in Summonings
 29636 | D:13     | Noticed Sonja
 29678 | D:13     | Killed Sonja
 29804 | D:13     | Noticed Kirke
 29816 | D:13     | Reached XP level 15. HP: 77/77 MP: 16/30
 29821 | D:13     | Killed Kirke
 30055 | D:13     | Reached skill level 1 in Shields
 30186 | D:13     | Found a gate to the Vaults.
 30679 | D:14     | Found Hirgh's Armour Boutique.
 30759 | D:14     | Learned a level 7 spell: Summon Hydra
 30775 | D:14     | Noticed Frances
 30785 | D:14     | Killed Frances
 30920 | D:14     | Reached skill level 5 in Shields
 30954 | D:14     | Reached skill level 1 in Long Blades
 31126 | D:14     | Noticed Azrael
 31143 | D:14     | Killed Azrael
 31447 | D:14     | Identified the ring "Ashrunocw" {Fly rElec Will- Str+3
                  | Dex+3}
 31918 | D:15     | Entered Level 15 of the Dungeon
 32263 | D:15     | Noticed Josephine
 32275 | D:15     | Killed Josephine
 32446 | D:15     | Identified the +5 rapier of Pobbel {flame, rPois Will+
                  | rCorr Str+3}
 32851 | D:15     | Found a staircase to the Depths.
 33104 | Snake:1  | Entered Level 1 of the Snake Pit
 33104 | Snake:1  | Found Irefuatt's Book Boutique.
 33110 | Snake:1  | Reached skill level 1 in Short Blades
 33113 | Snake:1  | Found Dodimiko's Jewellery Emporium.
 33114 | Snake:1  | Found Tomugom's Book Boutique.
 33364 | Snake:1  | Noticed Agnes
 33375 | Snake:1  | Killed Agnes
 33778 | Snake:1  | Reached skill level 5 in Short Blades
 34097 | Snake:1  | Noticed Jorgrun
 34112 | Snake:1  | Killed Jorgrun
 34113 | Snake:1  | Noticed Aizul
 34124 | Snake:1  | Killed Aizul
 34262 | Snake:1  | You fall into a shaft and drop 1 floor!
 34548 | Snake:2  | Reached XP level 16. HP: 68/81 MP: 8/31
 34947 | Snake:2  | Noticed Mlioglotl
 34956 | Snake:2  | Noticed a tentacled starspawn
 35112 | Snake:2  | Noticed a bone dragon
 35114 | Snake:2  | Killed Mlioglotl
 36107 | Snake:3  | Found Ubbyez's Antique Weapon Shop.
 36282 | Snake:3  | Found Feokulast's General Store.
 36297 | Snake:3  | Noticed bmack86's ghost (adept MiFi)
 36382 | Snake:3  | Found a runed translucent gate.
 36382 | Snake:3  | Found a runed translucent gate.
 36382 | Snake:3  | Found a runed translucent gate.
 36892 | Snake:3  | HP: 3/84 [salamander tyrant (27)]
 37654 | Snake:4  | Entered Level 4 of the Snake Pit
 37811 | Snake:4  | Found Adyseu Deire's General Store.
 37819 | Snake:4  | Bought a potion of curing for 48 gold pieces
 37819 | Snake:4  | Bought a scroll of teleportation for 48 gold pieces
 37909 | Snake:4  | Reached skill level 15 in Dodging
 38486 | Snake:4  | Noticed Vashnia
 38753 | Snake:4  | Reached skill level 10 in Fighting
 38925 | Snake:4  | Shot with an arrow by Vashnia

Illustrated notes

Levels and vault maps discovered:
D:1:      psy_arrival_basics, layout_rooms, grunt_decor_junction
D:2:      layout_rooms, hellmonk_ecumenical_altar_run_dry, serial_bayou_pond_a
D:3:      layout_rooms, marbit_many_paths, gammafunk_temple_overflow_forgotten
D:4:      layout_rooms, nicolae_elyvilon_peaceful_grove,
          minmay_temple_entry_hall, serial_glass, glass_columns_a,
          glass_columns_a, nrook_loot_triangle, minivault_4,
          minmay_three_crescents
D:5:      old_forge, layout_basic, serial_shops, shop, lemuel_flame_loot_1,
          uniq_duvessa
D:6:      layout_gridville, lemuel_tele_altar, kennysheep_cross_room,
          uniq_prince_ribbit1, uniq_eustachio, uniq_maggie, uniq_menkaure
D:7:      layout_loops_ring
D:8:      layout_loops_cross, chequers_temple_overflow_minitemple
D:9:      layout_rooms, serial_shops, kennysheep_mini,
          chequers_serial_rivers_small_3, uniq_gastronok, uniq_psyche
D:10:     layout_basic, mainiacjoe_overflow_surrounded_room,
          nicolae_overflow_crystal_walls, erik_lair_orcish_takeover,
          gammafunk_ghost_grave
D:11:     layout_cross, portal_ice_cave_entry_ice_simulacra, uniq_lodul
D:12:     layout_roguey, orc_0_dummy, minmay_misc_feat_secret_circle
D:13:     layout_gridville, david_vaults_4, david_defended_altar_orc,
          uniq_nessos, uniq_kirke, uniq_sonja
D:14:     layout_loops_cross, chequers_mini_garden, minmay_shop_grid_forest,
          minivault_28, uniq_azrael, uniq_frances
D:15:     grunt_enter_depths_hoard, layout_rooms, nicolae_figureground_sparkle,
          uniq_josephine
Lair:1:   layout_regular_city
Lair:2:   layout_long_grid, elwin_shoals_entry_stream, dummy_snake_entry,
          hellmonk_ghost_happy_afterlife
Lair:3:   layout_hall_layers, chequers_serial_rivers_small_b,
          dreamdust_gnoll_shepherd, grunt_megastairs_3, uniq_nergalle,
          uniq_snorg, uniq_rupert
Lair:4:   layout_regular_city, slime_entry_1, grunt_megastairs_5,
          serial_bayou_shore_a, lemuel_fruit_tree
Lair:5:   gammafunk_lair_ancient_temple, layout_cave_pods, lookout_lair_type
Snake:1:  layout_onion_interference, hangedman_venom_bottle, minmay_shop_grove,
          uniq_aizul, uniq_jorgrun, uniq_agnes
Snake:2:  layout_onion_interference, uniq_mlioglotl
Snake:3:  layout_grid_maze, gammafunk_ghost_split, serial_shops, shop_statue,
          shop
Snake:4:  johnstein_snake_rune_scales, layout_cave_town, serial_shops, shop
Orc:1:    layout_diamond_mine, serial_shops, nicolae_shop_pleasant_corner_grove,
          shop, uniq_harold
Orc:2:    st_orc_congregation, layout_caves, serial_shops, shop,
          nicolae_shop_just_a_little_nook, shop

Skill      XL: |  1  2  3  4  5  6  7  8  9 10 11 12 13 14 15 16 |
---------------+-------------------------------------------------+-----
Necromancy     | 4 5 |  5.0
Dodging        | 3 4 5 6 7 9 10 12 13 15 | 15.4
Spellcasting   | 3 4 5 7 9 10 | 10.7
Fighting       | 1 2 3 4 5 6 7 8 10 | 10.0
Stealth        | 4 5 7 9 10 | 10.5
Hexes          | 7 10 | 10.0
Summonings     | 4 8 12 13 16 | 16.0
Shields        | 5 |  5.1
Long Blades    | 4 |  4.8
Short Blades   | 6 |  6.7

Action                     |  1- 3 |  4- 6 |  7- 9 | 10-12 | 13-15 | 16-18 || total
---------------------------+-------+-------+-------+-------+-------+-------++-------
  Melee: Mace              |     1 |     2 |     1 |     1 |       |       ||     5
         Unarmed           |       |       |    29 |       |       |       ||    29
         Staff             |       |       |    34 |    18 |       |       ||    52
         Trident           |       |       |    23 |   191 |   273 |       ||   487
         Dagger            |       |       |     2 |       |       |       ||     2
         Rapier            |       |       |    14 |       |       |       ||    14
         Quick blade       |       |       |       |       |    54 |   180 ||   234
         Scimitar          |       |       |       |       |    47 |       ||    47
  Throw: Dart              |       |       |       |     2 |       |       ||     2
   Cast: Necrotise         |    70 |    90 |   215 |   197 |     9 |       ||   581
         Vampiric Draining |       |       |    25 |    34 |     4 |       ||    63
         Anguish           |       |       |       |    74 |    60 |       ||   134
         Summon Mana Viper |       |       |       |    66 |   135 |    17 ||   218
         Summon Cactus Gia |       |       |       |     2 |   105 |    22 ||   129
         Sublimation of Bl |       |       |       |       |    15 |     2 ||    17
         Monstrous Menager |       |       |       |       |    12 |     8 ||    20
         Summon Hydra      |       |       |       |       |    17 |    18 ||    35
 Invoke: Bribe Branch      |       |       |       |       |       |     1 ||     1
  Evoke: Wand              |       |       |     3 |    11 |     5 |       ||    19
         Lightning rod     |       |       |       |     4 |     5 |     4 ||    13
         Phantom mirror    |       |       |       |     1 |     2 |     1 ||     4
    Use: Scroll            |     4 |     6 |     4 |     9 |    11 |       ||    34
         Potion            |       |       |     5 |       |     6 |     3 ||    14
   Stab: Sleeping          |       |       |     2 |       |    11 |     7 ||    20
         Distracted        |       |       |       |     6 |    11 |     3 ||    20
 Armour: Robe              |     2 |       |    10 |    23 |    82 |     5 ||   122
         Skin              |       |       |    24 |       |       |       ||    24
         Acid dragon scale |       |       |       |     1 |       |       ||     1
  Dodge: Dodged            |    10 |    25 |   190 |   419 |   447 |   109 ||  1200
  Block: Other             |       |       |       |       |    25 |       ||    25
         Reflection        |       |       |       |       |     4 |     7 ||    11
         Buckler           |       |       |       |       |    44 |    69 ||   113
